 Dungeon Crawl Stone Soup version 0.23-a0-655-g3751e1c (console) character file.

148 Duffy the Firebug (level 5, 12/36 HPs)
             Began as a Demonspawn Fire Elementalist on Jan 7, 2019.
             Quit the game on level 3 of the Dungeon.
             The game lasted 00:01:35 (1409 turns).

Duffy the Firebug (Demonspawn Fire Elementalist)    Turns: 1409, Time: 00:01:35

Health: 12/36      AC:  3    Str:  8    XL:     5   Next: 8%
Magic:  1/9        EV: 16    Int: 17    God:
Gold:   4          SH:  0    Dex: 14    Spells: 6/10 levels left

rFire    . . .     SeeInvis .   (no weapon)
rCold    + . .     Gourm    .   (no shield)
rNeg     . . .     Faith    .   a - +0 robe
rPois    .         Spirit   .   (no helmet)
rElec    .         Reflect  .   (no cloak)
rCorr    .         Harm     .   (no gloves)
MR       .....                  (no boots)
Stlth    ++........             (no amulet)
HPRegen  0.12/turn              e - +4 ring of evasion
MPRegen  0.11/turn              b - ring of protection from cold

@: no status effects
A: rugged brown scales 1, demonic guardian 1
a: no special abilities


You were on level 3 of the Dungeon.
You were not hungry.

You visited 1 branch of the dungeon, and saw 3 of its levels.

You collected 4 gold pieces.

Inventory:

Armour
 a - a +0 robe (worn)
Jewellery
 b - a ring of protection from cold (right hand)
 e - a +4 ring of evasion (left hand)
Scrolls
 g - a scroll of teleportation {unknown}
 h - a scroll of identify {unknown}
 i - a scroll of remove curse {unknown}
Potions
 d - 2 potions of lignification {unknown}
 f - a potion of flight {unknown}
Comestibles
 c - a ration
 j - 2 chunks of flesh


   Skills:
 - Level 1.7 Dodging
 - Level 1.7 Stealth
 + Level 3.2 Spellcasting
 + Level 2.9 Conjurations
 + Level 3.7 Fire Magic


You had 6 spell levels left.
You knew the following spells:

 Your Spells              Type           Power        Failure   Level  Hunger
h - Flame Tongue          Conj/Fire      ##...        4%          1    None
l - Conjure Flame         Conj/Fire      ##......     13%         3    ###....

Your spell library contained the following spells:

 Spells                   Type           Power        Failure   Level  Hunger
 Throw Flame              Conj/Fire      ##....       7%          2    ##.....
 Inner Flame              Hex/Fire       #.......     24%         3    ###....
 Sticky Flame             Conj/Fire      ##......     41%         4    ####...
 Fireball                 Conj/Fire      ##........   77%         5    ######.


Dungeon Overview and Level Annotations

Branches:
Dungeon (3/15)

Altars:


Innate Abilities, Weirdness & Mutations

You are partially covered in rugged brown scales. (AC +1, +3% HP)
A weak demonic guardian rushes to your aid.


Message History

CasualChangeling's ghost hits you!
Casting: Flame Tongue (safe; 6% risk of failure)
Confirm with . or Enter, or press ? or * to list all spells.
Aiming: Flame Tongue (safe; 6% risk of failure)
Press: ? - help, Shift-Dir - straight line, f/p - CasualChangeling's ghost
Aim: CasualChangeling's ghost (almost destroyed)
The flame tongue hits CasualChangeling's ghost.
CasualChangeling's ghost appears unharmed.
CasualChangeling's ghost is almost destroyed.
CasualChangeling's ghost is engulfed in a cloud of scalding steam.
You destroy CasualChangeling's ghost!
Your Spellcasting skill increases to level 3!
Your Conjurations skill increases to level 2!
You have reached level 4!
You feel agile.
You have reached level 5!
Your demonic ancestry asserts itself...
You feel the presence of a demonic guardian.
There is an open door here.
Are you sure you want to abandon this character and quit the game? (Confirm

######...<.....#....#.##
#...........#..........#
#.####.##..######..##..#
# #.##.##.$.##..##<.# .#
#.##.##.~.##...#..##..#
#.##.##.~.##...........
...#..#.0.#............
##..####.~.##...........
#..# ###@######.#.####
#?.###....# #.#.#
#........######)#.#
##.###..###....>..#
#............#
#.####..........( #.
#............ #.
#.......##### ..
#...$...#


There were no monsters in sight!

Vanquished Creatures
  The ghost of CasualChangeling the Cutter, an amateur KoWn (D:3)
  A dart slug (D:1)
  5 bats
  4 giant cockroaches (D:1)
  5 goblins
  6 hobgoblins
  A frilled lizard (D:3)
  3 kobolds
  4 rats (D:1)
30 creatures vanquished.

Notes
Turn   | Place    | Note
-------+----------+-------------------------------------------
     0 | D:1      | Duffy the Demonspawn Fire Elementalist began the quest for
                  | the Orb.
     0 | D:1      | Reached XP level 1. HP: 13/13 MP: 3/3
   340 | D:1      | Gained mutation: You are partially covered in rugged brown
                  | scales. (AC +1, +3% HP) [demonic ancestry]
   340 | D:1      | Reached XP level 2. HP: 13/19 MP: 3/5
  1002 | D:2      | Reached XP level 3. HP: 15/24 MP: 1/6
  1007 | D:2      | Learned a level 3 spell: Conjure Flame
  1397 | D:3      | Found a runed door.
  1398 | D:3      | Noticed CasualChangeling's ghost (amateur KoWn)
  1407 | D:3      | Killed CasualChangeling's ghost
  1407 | D:3      | Reached XP level 4. HP: 10/30 MP: 1/8
  1407 | D:3      | Gained mutation: A weak demonic guardian rushes to your
                  | aid. [demonic ancestry]
  1407 | D:3      | Reached XP level 5. HP: 12/36 MP: 1/9
  1409 | D:3      | Quit the game

Vault maps used:
D:1:      dpeg_arrival_prison, bh_walls_and_bars
D:2:      ashenzari_altar_1
D:3:      ebering_ghost_reflecting_pool, minmay_misc_feat_encased, st_stairs_14

Skill      XL: |  1  2  3 |
---------------+----------+-----
Fire Magic     | 3 |  3.7
Spellcasting   | 3 |  3.2
Conjurations   | 2 |  2.9
Dodging        | |  1.7
Stealth        | |  1.7

Action                   |  1- 3 |  4- 6 || total
-------------------------+-------+-------++-------
Melee: Unarmed           |    31 |       ||    31
 Cast: Flame Tongue      |    61 |       ||    61
  Eat: Chunk             |     2 |       ||     2
Armor: Robe              |    15 |       ||    15
Dodge: Dodged            |    52 |       ||    52

Table legend:
 A = Non-vault XP
 B = Vault XP
 C = Vault XP percentage of total XP
 D = Non-vault monster count
 E = Vault monster count
 F = Vault count percentage of total count
                 A         B        C        D         E       F
            +---------+---------+-------+---------+---------+-------
      Total |      43 |     169 |  79.7 |      23 |       7 |  23.3
            +---------+---------+-------+---------+---------+-------
        D:1 |      25 |       9 |  26.5 |      12 |       6 |  33.3
        D:2 |      11 |       0 |   0.0 |       7 |       0 |   0.0
        D:3 |       7 |     160 |  95.8 |       4 |       1 |  20.0
            +---------+---------+-------+---------+---------+-------
